 Dungeon Crawl Stone Soup version 0.29-a0-557-g43b9904bd1 (webtiles) character file.

Game seed: 7075229136401817705

9 DocClef the Covert (level 2, -6/29 HPs)
             Began as a Gnoll Delver on June 8, 2022.
             Mangled by an iguana (10 damage)
             ... on level 5 of the Dungeon.
             The game lasted 00:00:20 (39 turns).

DocClef the Covert (Gnoll Delver)                     Turns: 39, Time: 00:00:20

Health: -6/29      AC:  3    Str: 19    XL:     2   Next: 12%
Magic:  2/2        EV: 14    Int:  4    God:
Gold:   9          SH:  0    Dex: 21    Spells: 1/1 levels left

rFire   . . .      SeeInvis .   h - +4 trident "Junifeinn" {drain, Str+8 Int-5 Dex+8 Stlth-}
rCold   . . .      Faith    .   (no shield)
rNeg    . . .      Spirit   .   b - +0 leather armour
rPois   .          Reflect  .   (no helmet)
rElec   .          Harm     .   (no cloak)
rCorr   .          Rampage  .   (no gloves)
Will    .....                   (no boots)
Stlth   +++.......              (no amulet)
HPRegen 0.09/turn               (no ring)
MPRegen 0.08/turn               (no ring)

@: no status effects
A: fangs 1, strong nose, distributed training
a: no special abilities


You were on level 5 of the Dungeon.
You visited 1 branch of the dungeon, and saw 1 of its levels.

You collected 9 gold pieces.

Inventory:

Hand Weapons
 a - a +0 short sword
 h - the +4 trident "Junifeinn" (weapon) {drain, Str+8 Int-5 Dex+8 Stlth-}
   (You found it on level 5 of the Dungeon)

   A truly terrible weapon, it drains the life of any living foe it strikes.
   Str:       It affects your strength (+8).
   Int:       It affects your intelligence (-5).
   Dex:       It affects your dexterity (+8).
   Stlth:     It makes you less stealthy.
Armour
 b - a +0 leather armour (worn)
Jewellery
 d - a ring of protection from cold
Wands
 g - a wand of digging (3)
Scrolls
 c - a scroll of fog
 e - a scroll of fear
Potions
 f - a potion of haste


   Skills:
 + Level 6.4 Fighting
 + Level 4.4 Short Blades
 + Level 0.3 Long Blades
 + Level 0.3 Axes
 + Level 0.3 Maces & Flails
 + Level 0.3 Polearms
 + Level 0.3 Staves
 + Level 0.3 Slings
 + Level 0.3 Bows
 + Level 0.3 Crossbows
 + Level 0.3 Throwing
 + Level 0.3 Armour
 + Level 4.4 Dodging
 + Level 9.5 Stealth
 + Level 0.3 Shields
 + Level 0.3 Unarmed Combat
 + Level 0.3 Spellcasting
 + Level 0.2 Conjurations
 + Level 0.2 Hexes
 + Level 0.2 Summonings
 + Level 0.2 Necromancy
 + Level 0.2 Translocations
 + Level 0.2 Transmutations
 + Level 0.2 Fire Magic
 + Level 0.2 Ice Magic
 + Level 0.2 Air Magic
 + Level 0.2 Earth Magic
 + Level 0.2 Poison Magic
 + Level 0.4 Invocations
 + Level 0.3 Evocations


You had one spell level left.
You didn't know any spells.
Your spell library was empty.

Dungeon Overview and Level Annotations

Branches:
Dungeon (5/15)             Temple (0/1) D:5

Altars:

Annotations:
D:5 Dowan


Innate Abilities, Weirdness & Mutations

You have very sharp teeth.
Your uncanny sense of smell can sniff out nearby items.
Your experience applies equally to all skills.


Message History

You see here the +4 trident "Junifeinn" {drain, Str+8 Int-5 Dex+8 Stlth-}.
h - the +4 trident "Junifeinn" {drain, Str+8 Int-5 Dex+8 Stlth-} You feel stronger.
You feel stupid.
You feel agile.
You sense an unholy aura.
h - the +4 trident "Junifeinn" (weapon)
{drain, Str+8 Int-5 Dex+8 Stlth-}
Found 9 gold pieces.
Found a stone staircase leading up.
Found 4 boomerangs.
Dowan and a sky beast come into view.
Dowan is wielding a +0 dagger and carrying a wand of digging (7).
Things that are here:
a staff of death; 12 gold pieces You now have 9 gold pieces.
An adder comes into view.
Found 8 stones, a mace and 3 poisoned darts.
An iguana comes into view.
Found a quarterstaff.
The adder hisses angrily.
The iguana hisses angrily.
You reach to attack!
You closely miss the adder. The adder closely misses you.
You hit the adder.
The adder is severely wounded.
The iguana hisses menacingly.
The adder bites you.
You hit the adder.
You kill the adder!
You have reached level 2!
You barely miss the iguana. Your bite misses the iguana. The iguana bites you!
You hit the iguana.
The iguana is moderately wounded.
The iguana bites you.
You are too injured to fight recklessly!
You are too injured to fight recklessly!
You closely miss the iguana.
The iguana is moderately wounded.
The iguana bites you!
* * * LOW HITPOINT WARNING * * *
The iguana bites you!
You die...

,,....<..........#*......,,,,,**,
,,...............##......,,,,,**,
,,.(.....................,,,,***,
,,.......................,,,,*,,,
,,.......########........,,,,,,,,
,,,......,........#......,,,,,,,,
,,,,..###,#######.#......,,,,**,,
,**,*****.#####..........,,,,,*,,
,*,,* *,...(..l@.#######****,,,,
,*,,****,.........# ****,,
,****,,,,.).......# *,,,,,
,****,**,.........# *,,,,,
,,,,,,**,.........# **,,,,,
,*******,......(..# *,,,,,, ,*
*,.......)##********,***** **
*,.......##≈≈≈≈≈≈,≈*,*
**********≈********,,*


You could see an iguana.

Vanquished Creatures
  An adder (D:5)
1 creature vanquished.

Notes
Turn   | Place    | Note
-------+----------+-------------------------------------------
     0 | D:5      | Reached skill level 9 in Stealth
     0 | D:5      | DocClef the Gnoll Delver began the quest for the Orb.
     0 | D:5      | Reached XP level 1. HP: 23/23 MP: 1/1
     8 | D:5      | Identified the +4 trident "Junifeinn" {drain, Str+8 Int-5
                  | Dex+8 Stlth-}
    17 | D:5      | Noticed Dowan
    17 | D:5      | Noticed a sky beast
    31 | D:5      | Noticed an iguana
    37 | D:5      | Reached XP level 2. HP: 28/29 MP: 2/2
    39 | D:5      | Mangled by an iguana

Illustrated notes

Levels and vault maps discovered:
D:5:      layout_rooms, minmay_temple_entry_wispy, gup_sewer_entry_spiral,
          uniq_ijyb, uniq_prince_ribbit1, uniq_edmund, uniq_duvessa

Skill      XL: | |
---------------+-+-----
Stealth        | |  9.5
Fighting       | |  6.4
Short Blades   | |  4.4
Long Blades    | |  0.3
Axes           | |  0.3
Maces & Flails | |  0.3
Polearms       | |  0.3
Staves         | |  0.3
Slings         | |  0.3
Bows           | |  0.3
Crossbows      | |  0.3
Throwing       | |  0.3
Armour         | |  0.3
Dodging        | |  4.4
Shields        | |  0.3
Unarmed Combat | |  0.3
Spellcasting   | |  0.3
Conjurations   | |  0.2
Hexes          | |  0.2
Summonings     | |  0.2
Necromancy     | |  0.2
Translocations | |  0.2
Transmutations | |  0.2
Fire Magic     | |  0.2
Ice Magic      | |  0.2
Air Magic      | |  0.2
Earth Magic    | |  0.2
Poison Magic   | |  0.2
Invocations    | |  0.4
Evocations     | |  0.3

Action                   || total
-------------------------++-------
Melee: Trident           ||     6
  Use: Scroll            ||     1
Dodge: Dodged            ||     1

Table legend: (Time is in decaauts)
 A = Elapsed time spent in this place.
 B = Non-inter-level travel time spent in this place.
 C = Inter-level travel time spent in this place.
 D = Time resting spent in this place.
 E = Time spent auto-exploring this place.
 F = Levels seen in this place.
 G = Mean time per level.
                   A        B        C        D        E       F      G
               +--------+--------+--------+--------+--------+-----+--------+
         Total |     39 |     39 |      0 |      0 |      0 |   1 |   39.0 |
       Dungeon |     39 |     39 |      0 |      0 |      0 |   1 |   39.0 |
               +--------+--------+--------+--------+--------+-----+--------+

Top non-repeatable levels by time:
     D:5: 39 daAuts
